 Dungeon Crawl Stone Soup version 0.25.0-9-g26727b657a (console) character file.

Game seed: 5038721164650600936

805 bli the Spear-Bearer (level 7, -3/56 HPs)
             Began as a Merfolk Monk on June 20, 2020.
             Was a Plaything of Xom.
             Slain by a sky beast (6 damage)
             ... on level 5 of the Dungeon.
             The game lasted 00:23:10 (6488 turns).

bli the Spear-Bearer (Merfolk Monk)                 Turns: 6488, Time: 00:23:11

Health: -3/56      AC:  2    Str: 12    XL:     7   Next: 91%
Magic:  7/7        EV: 17    Int: 11    God:    Xom [....*.]
Gold:   133        SH:  0    Dex: 24    Spells: 6/6 levels left

rFire    . . .     SeeInvis .   a - +0 spear
rCold    . . .     Gourm    .   (no shield)
rNeg     + + .     Faith    .   b - +0 robe
rPois    .         Spirit   .   (no helmet)
rElec    .         Reflect  .   (no cloak)
rCorr    .         Harm     .   (no gloves)
MR       .....                  (no boots)
Stlth    ++........             (no amulet)
HPRegen  0.18/turn              t - ring of stealth
MPRegen  0.10/turn              g - ring "Haojony" {rN++ Int+2 Dex+6}

@: confused, stab
A: change form in water, swift swim, stealthy swim
a: Renounce Religion


You were on level 5 of the Dungeon.
You worshipped Xom.
You were a beloved toy of Xom.
You were hungry.

You visited 1 branch of the dungeon, and saw 5 of its levels.

You collected 133 gold pieces.

Inventory:

Hand Weapons
 a - a +0 spear (weapon)
Missiles
 f - 116 stones (quivered)
Armour
 b - a +0 robe (worn)
Jewellery
 e - an uncursed ring of wizardry
 g - the ring "Haojony" (right hand) {rN++ Int+2 Dex+6}
   (Xom gifted it to you on level 3 of the Dungeon)

   [ring of dexterity]

   It affects your intelligence (+2).
   It affects your dexterity (+6).
   It greatly protects you from negative energy.
 m - an uncursed ring of resist corrosion
 t - a ring of stealth (left hand)
Wands
 l - a wand of random effects (17)
Scrolls
 d - 3 scrolls of identify
 h - 3 scrolls of remove curse
 i - 4 scrolls of teleportation
 o - a scroll of fear
 p - a scroll of magic mapping
 r - a scroll of blinking
Potions
 k - 2 potions of cancellation
 n - a potion of magic
 s - a potion of degeneration
Comestibles
 c - 6 rations


   Skills:
 * Level 5.6 Fighting
 + Level 8.6 Polearms
 + Level 1.6 Throwing
 + Level 5.7 Dodging
 + Level 5.0 Stealth


You had 6 spell levels left.
You didn't know any spells.
Your spell library was empty.

Dungeon Overview and Level Annotations

Branches:
Dungeon (5/15)             Temple (0/1) D:4

Altars:
Dithmenos
Elyvilon
Fedhas
Hepliaklqana
Makhleb
Xom
Zin

Annotations:
D:4 2 transporters, Enish's ghost, amateur MiBe


Message History

Press: ? - help, Dir - move target cursor, p - giant cockroach You reach to attack!
You miss something.
Evoke which item? (* to show all) (? for menu, Esc to quit)
Attack whom?
Press: ? - help, Dir - move target cursor, f - giant cockroach
Aim: a giant cockroach Something you can't see is in the way.
You hit something. Something hits you.
* * * LOW HITPOINT WARNING * * *
Something shocks you.
* * * LOW HITPOINT WARNING * * *
You are confused.
You feel invigorated. Something hits you.
* * * LOW HITPOINT WARNING * * *
Something shocks you.
* * * LOW HITPOINT WARNING * * *
You completely miss something. Something hits you.
* * * LOW HITPOINT WARNING * * *
Something shocks you.
You die...
Xom snickers!

..# ..... .##
### ..... ##
...## #.... #
...# #.... #####
...##...# ##..##
#.....# .....##
#..(# ####..#
#...# # ##.###
## ##sa## .#
##..##.# ##{###
.# ##....# ##@##
##...# #.##
#####..## #.#
#.....## #.#
#####.## #.##
#..# #..# #..#
##..# ##..#
##..##
######...###..##
##............##
#............##


You could see a worker ant and a giant cockroach.

Vanquished Creatures
  Menkaure (D:5)
  An ice beast (D:4)
  A scorpion (D:4)
  A centaur skeleton (D:5)
  2 orc priests
  3 hounds
  A bullfrog skeleton (D:5)
  2 orc wizards (D:3)
  A worker ant (D:4)
  3 gnolls (D:3)
  8 adders
  4 worms (D:2)
  A dart slug (D:3)
  A leopard gecko (D:5)
  6 orcs
  A ball python (D:3)
  4 giant cockroaches
  12 goblins
  15 hobgoblins
  11 jackals
  5 quokkas
  5 bats
  4 frilled lizards
  6 kobolds
  2 leopard gecko skeletons
  A quokka skeleton (D:4)
  5 rats
107 creatures vanquished.

Vanquished Creatures (collateral kills)
  A scorpion (D:4)
  A hound (D:4)
  A centaur skeleton (D:4)
3 creatures vanquished.

Vanquished Creatures (others)
  An orc wizard (D:4)
  2 orcs (D:4)
3 creatures vanquished.

Grand Total: 113 creatures vanquished

Notes
Turn   | Place    | Note
-------+----------+-------------------------------------------
     0 | D:1      | bli the Merfolk Monk began the quest for the Orb.
     0 | D:1      | Reached XP level 1. HP: 18/18 MP: 1/1
   455 | D:1      | Reached XP level 2. HP: 24/24 MP: 2/2
   538 | D:1      | Reached skill level 5 in Polearms
  1121 | D:2      | Reached XP level 3. HP: 28/29 MP: 3/3
  1435 | D:2      | Found a faded altar of an unknown god.
  1440 | D:2      | Became a worshipper of Xom of Chaos
  1449 | D:2      | XOM: divination: detect items
  1514 | D:2      | XOM: silly message
  1846 | D:2      | XOM: silly message
  1852 | D:2      | Reached XP level 4. HP: 37/37 MP: 4/4
  1863 | D:2      | XOM: scenery: create altars
  1970 | D:2      | Reached skill level 6 in Polearms
  2089 | D:2      | XOM: 1-stop teleportation journey
  2227 | D:2      | XOM: scenery: 1 doors close
  2453 | D:3      | XOM: enchant monster (good)
  2683 | D:3      | Reached XP level 5. HP: 42/42 MP: 5/5
  2788 | D:3      | XOM: 5-stop teleportation journey
  2943 | D:3      | Reached skill level 5 in Dodging
  2951 | D:3      | Reached skill level 7 in Polearms
  2984 | D:3      | XOM: god gift: transparent amber ring {god gift}
  2985 | D:3      | Got a transparent amber ring {god gift}
  2986 | D:3      | Identified the ring "Haojony" {rN++ Int+2 Dex+6} (Xom
                  | gifted it to you on level 3 of the Dungeon)
  3243 | D:3      | Reached XP level 6. HP: 48/48 MP: 6/6
  3899 | D:4      | Noticed an ice beast
  3907 | D:4      | XOM: summons 4 friendly demons
  3915 | D:4      | Killed an ice beast
  4003 | D:4      | Found a hazy altar of Hepliaklqana.
  4008 | D:4      | XOM: summons 6 friendly demons
  4012 | D:4      | Reached skill level 1 in Throwing
  4027 | D:4      | Reached XP level 7. HP: 44/55 MP: 7/7
  4272 | D:4      | Noticed a hungry ghost
  4282 | D:4      | Found a transporter.
  4283 | D:4      | Noticed Enish's ghost (amateur MiBe)
  4300 | D:4      | Found a transporter.
  4328 | D:4      | XOM: destruction
  4331 | D:4      | XOM: confuse monster(s)
  4335 | D:4      | Reached skill level 8 in Polearms
  4695 | D:4      | XOM: scenery: create altars
  4733 | D:4      | XOM: god gift: potion of cancellation
  5157 | D:4      | Found a staircase to the Ecumenical Temple.
  5417 | D:5      | Entered Level 5 of the Dungeon
  5443 | D:5      | Noticed Menkaure
  5468 | D:5      | Killed Menkaure
  5468 | D:5      | Reached skill level 5 in Fighting
  5769 | D:5      | XOM: cloud trail
  5831 | D:5      | Found a burning altar of Makhleb.
  5831 | D:5      | XOM: scenery: create altars
  5837 | D:5      | Found a blossoming altar of Fedhas.
  5842 | D:5      | Found a shadowy altar of Dithmenos.
  5843 | D:5      | Found a glowing silver altar of Zin.
  5846 | D:5      | Found a white marble altar of Elyvilon.
  5960 | D:5      | XOM: 2-stop teleportation journey
  6062 | D:5      | Reached skill level 5 in Stealth
  6459 | D:5      | XOM: potion effect (stabbing)
  6480 | D:5      | XOM: summons friendly white imp
  6487 | D:5      | HP: 2/56 [something (6)]
  6488 | D:5      | Slain by a sky beast

Illustrated notes

Levels and vault maps discovered:
D:1:      kennysheep_arrival_forest, layout_loops_ring
D:2:      layout_basic, chequers_ecumenical_altar_grove,
          minmay_goblin_kobold_house
D:3:      layout_basic
D:4:      layout_loops_corners, old_standard_altar,
          minmay_temple_entry_nine_rooms, gammafunk_ghost_mausoleum,
          first_ration
D:5:      layout_layer_cave, minitemple, uniq_menkaure

Skill      XL: |  1  2  3  4  5  6  7 |
---------------+----------------------+-----
Polearms       | 5 6 7 8 |  8.6
Fighting       | 4 5 |  5.6
Dodging        | 5 |  5.7
Stealth        | 3 4 5 |  5.0
Throwing       | 1 |  1.6

Action                   |  1- 3 |  4- 6 |  7- 9 || total
-------------------------+-------+-------+-------++-------
Melee: Spear             |   169 |   323 |   149 ||   641
       Tailslap          |       |       |     1 ||     1
Throw: Stone             |     2 |    36 |     8 ||    46
       Throwing net      |       |     1 |       ||     1
Evoke: Wand              |     2 |     1 |     2 ||     5
  Use: Scroll            |     2 |     1 |     7 ||    10
       Potion            |       |     1 |     3 ||     4
 Stab: Sleeping          |     5 |     8 |     7 ||    20
       Distracted        |       |     2 |     1 ||     3
       Confused          |       |     1 |     2 ||     3
  Eat: Chunk             |     3 |     7 |     4 ||    14
       Ration            |       |       |     1 ||     1
Armor: Robe              |     5 |    13 |     4 ||    22
Dodge: Dodged            |    71 |   140 |    77 ||   288
